 Dungeon Crawl Stone Soup version 0.28.0-62-gf88900778d (webtiles) character file.

Game seed: 16641743600029237333

107 Coron the Covered (level 4, 0/39 HPs)
             Began as a Deep Dwarf Air Elementalist on Mar 25, 2023.
             Slain by Grinder (3 damage)
             ... on level 3 of the Dungeon.
             The game lasted 00:12:36 (3373 turns).

Coron the Covered (Deep Dwarf Air Elementalist)     Turns: 3373, Time: 00:12:37

Health: 0/39       AC:  5    Str: 13    XL:     4   Next: 56%
Magic:  6/6        EV: 11    Int: 16    God:
Gold:   81         SH:  0    Dex: 13    Spells: 6/7 levels left

rFire   + . .      SeeInvis .   d - +0 short sword
rCold   + . .      Faith    .   (no shield)
rNeg    . . .      Spirit   .   k - +0 ring mail
rPois   +          Reflect  .   (no helmet)
rElec   +          Harm     .   (no cloak)
rCorr   +          Rampage  .   (no gloves)
Will    .....                   (no boots)
Stlth   +.........              (no amulet)
HPRegen 0.00/turn               (no ring)
MPRegen 0.10/turn               (no ring)

@: brilliant, resistant, attractive
A: damage resistance, heal wounds, sense surroundings 1, no regeneration
a: Heal Wounds


You were on level 3 of the Dungeon.
You visited 1 branch of the dungeon, and saw 3 of its levels.

You collected 81 gold pieces.

Inventory:

Hand Weapons
 d - a +0 short sword (weapon)
 h - a +0 mace
Missiles
 f - 20 sling bullets
 j - a throwing net
 l - 2 poisoned darts
Armour
 a - a +0 robe
 k - a +0 ring mail (worn)
 m - the +0 scale mail of the Bagpipe {Dex+9}
   (You found it on level 2 of the Dungeon)

   Dex:       It affects your dexterity (+9).
Scrolls
 c - a scroll of teleportation
 g - a scroll of amnesia {unknown}
 i - a scroll of enchant armour {unknown}
 p - a scroll of identify {unknown}
Potions
 n - a potion of attraction


   Skills:
 - Level 2.0 Fighting
 + Level 3.6 Armour
 - Level 2.1 Dodging
 - Level 2.4 Stealth
 - Level 2.0 Spellcasting
 - Level 0.8 Conjurations
 - Level 2.1 Air Magic


You had 6 spell levels left.
You knew the following spells:

 Your Spells              Type           Power      Damage    Failure   Level
a - Shock                 Conj/Air       36%        1d5       22%         1

Your spell library contained the following spells:

 Spells                   Type           Power      Damage    Failure   Level
 Static Discharge         Conj/Air       9%         N/A       34%         2
 Swiftness                Air            12%        N/A       45%         3
 Airstrike                Air            6%         N/A       86%         4


Dungeon Overview and Level Annotations

Branches:
Dungeon (3/15)

Altars:

Shops:
D:1 (

Annotations:
D:3 Grinder


Innate Abilities, Weirdness & Mutations

You are resistant to damage.
You can heal yourself by infusing magical energy.
You passively map a small area around you.
You do not regenerate.


Message History

Grinder is moderately wounded.
Grinder gestures at you. Pain shoots through your body!
* * * LOW HITPOINT WARNING * * *
You hit Grinder but do no damage.
Grinder is moderately wounded.
Grinder closely misses you.
Unknown command.
You closely miss Grinder.
Grinder is moderately wounded.
Grinder hits you but does no damage.
You closely miss Grinder.
Grinder is moderately wounded.
Grinder closely misses you.
You closely miss Grinder.
Grinder is moderately wounded.
Grinder gestures at you. You resist with some effort.
You hit Grinder.
Grinder is moderately wounded.
Grinder barely misses you.
You hit Grinder.
Grinder is moderately wounded.
Grinder blinks!
Grinder is attracted toward you. Grinder is attracted toward you.
You hit Grinder but do no damage.
Grinder is moderately wounded.
Grinder hits you!
* * * LOW HITPOINT WARNING * * *
You writhe in agony.
You closely miss Grinder.
Grinder is moderately wounded.
Grinder misses you.
You hit Grinder.
Grinder is moderately wounded.
Grinder completely misses you. Grinder hits you but does no damage.
You hit Grinder.
Grinder is heavily wounded.
Grinder hits you.
You die...

* , , ..................
#..............$#.. *
##............$..... ,
..................... ,
, .....................
....................
*#.................. ,
,####..........@.......
. ..............5.......
,, #.*
#.......)........... #.#
#..............<.... ,
#..###...............#.#
* *
........<..#########....
...........# *.#.. ,
..........<# ..#
...........# *


You could see Grinder.

Vanquished Creatures
  3 gnolls (D:2)
  3 adders (D:2)
  A worm (D:2)
  An orc (D:2)
  A ball python (D:1)
  3 bats
  6 endoplasms
  3 giant cockroaches
  A goblin (D:2)
  A hobgoblin (D:1)
  4 quokkas
  4 frilled lizards
  7 kobolds
  11 rats
49 creatures vanquished.

Vanquished Creatures (others)
  12 plants (D:2)
12 creatures vanquished.

Grand Total: 61 creatures vanquished

Notes
Turn   | Place    | Note
-------+----------+-------------------------------------------
     0 | D:1      | Coron the Deep Dwarf Air Elementalist began the quest for
                  | the Orb.
     0 | D:1      | Reached XP level 1. HP: 15/15 MP: 3/3
   457 | D:1      | Found Agho's Weapon Shoppe.
   531 | D:1      | Reached skill level 1 in Fighting
   571 | D:1      | Reached XP level 2. HP: 16/25 MP: 3/5
  1583 | D:2      | Reached skill level 1 in Armour
  1593 | D:2      | Reached XP level 3. HP: 16/32 MP: 4/6
  1694 | D:2      | Reached skill level 2 in Armour
  1976 | D:2      | Identified the +0 scale mail of the Bagpipe {Dex+9}
  2285 | D:2      | Reached XP level 4. HP: 30/39 MP: 3/7
  2709 | D:2      | Reached skill level 3 in Armour
  3331 | D:3      | Noticed Grinder
  3333 | D:3      | Paralysed by Grinder for 4 turns
  3346 | D:3      | Paralysed by Grinder for 6 turns
  3357 | D:3      | Paralysed by Grinder for 5 turns
  3373 | D:3      | Slain by Grinder

Illustrated notes

Levels and vault maps discovered:
D:1:      minmay_arrival_stair_chambers, layout_basic, serial_shops,
          nicolae_shop_stone, kennysheep_minor_cross
D:2:      layout_basic, chequers_big_river
D:3:      layout_basic, kennysheep_path_1, minmay_ruptured, uniq_grinder

Skill      XL: |  1  2  3  4 |
---------------+-------------+-----
Spellcasting   | 2 |  2.0
Fighting       | 1 2 |  2.0
Armour         | 1 2 3 |  3.6
Dodging        | |  2.1
Stealth        | |  2.4
Conjurations   | |  0.8
Air Magic      | |  2.1

Action                   |  1- 3 |  4- 6 || total
-------------------------+-------+-------++-------
Melee: Unarmed           |     3 |       ||     3
       Short sword       |    22 |    86 ||   108
       Punch             |       |     1 ||     1
 Cast: Shock             |    86 |    20 ||   106
 Abil: Heal Wounds       |     1 |     6 ||     7
  Use: Scroll            |     1 |       ||     1
       Potion            |       |     4 ||     4
 Stab: Sleeping          |     1 |       ||     1
Armor: Robe              |     9 |       ||     9
       Ring mail         |     5 |    29 ||    34
Dodge: Dodged            |    26 |    75 ||   101
